 Dungeon Crawl Stone Soup version 0.30.0-29-ga12c61a403 (webtiles) character file.

Game seed: 1709917150085974730

1138 Klingon the Ruffian (level 8, -4/75 HPs)
             Began as a Troll Fighter on June 24, 2023.
             Was a Priest of the Shining One.
             Slain by an ogre
             ... wielding a +0 giant club
              (15 damage)
             ... on level 6 of the Dungeon.
             The game lasted 00:10:25 (4659 turns).

Klingon the Ruffian (Troll Fighter)                 Turns: 4659, Time: 00:10:25

Health: -4/75      AC:  6    Str: 25    XL:     8   Next: 14%
Magic:  8/8        EV: 10    Int:  6    God:    the Shining One [***...]
Gold:   304        SH:  0    Dex:  9    Spells: 7/7 levels left

rFire   . .          .
                       - Unarmed
rCold   . . .        (no shield)
rNeg    + . .        a - +2 robe
rPois   .            (helmet restricted)
rElec   .            (no cloak)
rCorr   .            (gloves unavailable)
SInv    .            (boots unavailable)
Will    .....        (no amulet)
Stlth   +            (no ring)
HPRegen 1.12/turn    (no ring)
MPRegen 0.11/turn

%: no passive effects
@: mighty, glowing
A: large, unfitting armour, claws 3, regeneration 1, shaggy fur 1, tough skin 1
a: Renounce Religion, Divine Shield, Cleansing Flame


You were on level 6 of the Dungeon.
You worshipped the Shining One.
The Shining One was most pleased with you.
You visited 1 branch of the dungeon, and saw 6 of its levels.

You collected 304 gold pieces.

Inventory:

Armour
 a - a +2 robe (worn)
 b - a +1 kite shield
Scrolls
 e - a scroll of amnesia
 h - a scroll of noise
 i - 2 scrolls of teleportation
 o - a scroll of enchant armour
 p - 2 scrolls of enchant weapon
 r - a scroll of immolation
 s - a scroll of magic mapping {unknown}
Potions
 d - 2 potions of haste {unknown}
 f - a potion of lignification {unknown}
 g - 2 potions of degeneration {unknown}
 k - a potion of mutation {unknown}
 l - a potion of ambrosia {unknown}
 m - a potion of brilliance {unknown}
 n - 2 potions of curing {unknown}
 q - a potion of flight {unknown}
 t - a potion of heal wounds {unknown}


   Skills:
 * Level 3.4 Fighting
 * Level 2.1 Armour
 * Level 4.2 Dodging
 * Level 1.3 Stealth
 * Level 3.7 Shields
 * Level 6.4 Unarmed Combat
 * Level 1.6 Invocations


You had 7 spell levels left.
You didn't know any spells.
Your spell library contained the following spells:

 Spells                   Type           Power      Damage    Failure   Level
 Shock                    Conj/Air       0%         1d3       45%         1
 Summon Ice Beast         Ice/Summ       0%         N/A       99%         4
 Summon Mana Viper        Hex/Summ       0%         N/A       100%        5
 Monstrous Menagerie      Summ           0%         N/A       100%        7


Dungeon Overview and Level Annotations

Branches:
Dungeon (6/15)             Temple (0/1) D:4

Altars:
Elyvilon
Kikubaaqudgha
Sif Muna
Trog
Vehumet
Yredelemnul
The Shining One


Innate Abilities, Weirdness & Mutations

You are too large for most types of armour.
You have claws for hands.
Your natural rate of healing is unusually fast.
You are covered in fur. (AC +1)
You have tough skin. (AC +1)


Message History

The orc priest invokes the aid of Beogh against you.
Beogh smites you!
You claw the orc!
You kill the orc!
The orc priest miscasts a cantrip.
Things that are here:
a +0 flail; a +0 ring mail You claw the orc priest!
The orc priest is severely wounded.
You scratch the orc priest.
You kill the orc priest!
The Shining One accepts your kill.
You feel better.
You barely miss the orc. The orc closely misses you.
You claw the orc!
You kill the orc!
An orc comes into view. It is wielding a +0 trident.
The ogre hits you with a +0 giant club!!
The ogre attacks as you move away! The ogre closely misses you.
The orc shouts!
A sleepcap comes into view.
Items here: )) ? [[ ††.
The ogre hits you with a +0 giant club.
Things that are here:
a +0 flail; a +0 ring mail The ogre hits you with a +0 giant club!!
* * * LOW HITPOINT WARNING * * *
Blink to where?
Press: ? - help, Dir - move target
As you read the scroll of blinking, it crumbles to dust.
You see here a +0 giant spiked club.
You feel very mighty all of a sudden.
The ogre hits you with a +0 giant club!!
* * * LOW HITPOINT WARNING * * *
You mangle the ogre!!
The ogre is almost dead.
The orc hits you from afar with a +0 trident!
* * * LOW HITPOINT WARNING * * *
The ogre hits you with a +0 giant club!
You die...

#o#.# #.#.# #)#.# .
##########f#.##...
#...O.o.f..!>..... .. #.#
#f###.#.##.#.##.## #. #.#
#o# #.#.##.#.# ##.##.# #O#
#.#.##.#.. #...#.# #@#
#.#.##..... ###...#.####.#
#.#.##.###..##
##.....).##...# #.#....#
.... .........##.###
#.####.###..##
#.......#.#.####..#....<.#
###...#..###.....†......##
#...#.## ##.###.#.#####
######.###.## #.#.#
##.#.## #.#.#


You could see an ogre, a sleepcap and an orc.

Vanquished Creatures
  An ogre (D:6)
  A centaur (D:4)
  2 scorpions (D:4)
  2 necrophages (D:4)
  A wight (D:4)
  2 centaur zombies (D:4)
  2 orc priests
  A hound (D:6)
  A human zombie (D:4)
  An iguana (D:5)
  6 orc wizards
  Natasha (thrice) (D:2)
  2 hound zombies (D:4)
  3 mummies (D:4)
  7 adders
  An ufetubus (D:5)
  An adder zombie (D:4)
  4 worms
  12 orcs
  7 bats
  9 endoplasms
  4 giant cockroaches
  5 hobgoblins
  5 jackals
  4 quokkas
  6 ball pythons
  5 frilled lizards
  5 goblins
  9 kobolds
  8 rats
120 creatures vanquished.

Vanquished Creatures (others)
  A butterfly (D:3)
1 creature vanquished.

Grand Total: 121 creatures vanquished

Notes
Turn   | Place    | Note
-------+----------+-------------------------------------------
     0 | D:1      | Klingon the Troll Fighter began the quest for the Orb.
     0 | D:1      | Reached XP level 1. HP: 22/22 MP: 0/0
   134 | D:1      | Reached XP level 2. HP: 29/29 MP: 1/1
   392 | D:2      | Reached XP level 3. HP: 35/36 MP: 2/2
   532 | D:3      | Found a white marble altar of Elyvilon.
   766 | D:3      | Found a faded altar of an unknown god.
   774 | D:3      | Prayed at the altar of an unknown god.
   774 | D:3      | Became a worshipper of the Shining One
   774 | D:3      | Reached * piety under the Shining One
  1291 | D:2      | Noticed Natasha
  1298 | D:2      | Reached XP level 4. HP: 44/44 MP: 3/3
  1301 | D:2      | Killed Natasha
  1302 | D:2      | Reached skill level 3 in Unarmed Combat
  1515 | D:2      | Noticed Natasha
  1518 | D:2      | Killed Natasha
  1523 | D:2      | Reached skill level 1 in Armour
  1681 | D:2      | Noticed Natasha
  1686 | D:2      | Killed Natasha
  1687 | D:2      | Reached XP level 5. HP: 31/52 MP: 4/4
  3010 | D:4      | Reached ** piety under the Shining One
  3117 | D:4      | Noticed a centaur
  3133 | D:4      | HP: 1/53 [centaur/arrow (12)]
  3160 | D:4      | Found a staircase to the Ecumenical Temple.
  3208 | D:4      | Killed a centaur
  3209 | D:4      | Reached skill level 4 in Unarmed Combat
  3209 | D:4      | Reached XP level 6. HP: 45/61 MP: 2/5
  3593 | D:4      | Reached skill level 1 in Stealth
  3593 | D:4      | Reached skill level 1 in Invocations
  3593 | D:4      | Reached XP level 7. HP: 66/67 MP: 6/6
  3598 | D:4      | Reached skill level 5 in Unarmed Combat
  3625 | D:4      | Found a basalt altar of Yredelemnul.
  3685 | D:4      | Reached *** piety under the Shining One
  3834 | D:4      | Found a bloodstained altar of Trog.
  3872 | D:5      | Entered Level 5 of the Dungeon
  4100 | D:5      | Found a shimmering blue altar of Sif Muna.
  4116 | D:5      | Found an ancient bone altar of Kikubaaqudgha.
  4127 | D:5      | Found a radiant altar of Vehumet.
  4136 | D:5      | Reached skill level 6 in Unarmed Combat
  4151 | D:5      | Got Vehumet's Spellbook of Percussion
  4586 | D:6      | Reached XP level 8. HP: 73/75 MP: 8/8
  4659 | D:6      | Slain by an ogre

Illustrated notes

Levels and vault maps discovered:
D:1:      ncdulo_halloftheorcs, layout_loops_ring
D:2:      layout_loops_ring, serial_aquarium, aquarium_bridge_long_separate
          [aquarium_subvault_bridge, aquarium_subvault_wall,
          aquarium_subvault_balcony, aquarium_subvault_wall,
          aquarium_subvault_wall, aquarium_subvault_bridge], aquarium_window_1,
          aquarium_window_fake, aquarium_view_4, aquarium_balcony_double_4,
          minmay_misc_feat_ornament, uniq_natasha
D:3:      layout_loops_ring, nicolae_elyvilon_peaceful_grove,
          shapermc_ecumenical_altar_hornbeckon, minmay_misc_feat_encased
D:4:      layout_basic, lightli_temple_of_fire,
          lemuel_mausoleum_altar_yredelemnul, minmay_temple_entry_stoned_glass
D:5:      layout_basic, palyth_temple_overflow_mages, serial_curves,
          eino_curves_01, eino_curves_01
D:6:      layout_loops_ring, grunt_qazlal_sundering, tgw_xom,
          kennysheep_mini_moat, uniq_blork_the_orc

Skill      XL: |  1  2  3  4  5  6  7 |
---------------+----------------------+-----
Dodging        | 3 4 |  4.2
Shields        | 3 |  3.7
Unarmed Combat | 3 4 6 |  6.4
Armour         | 1 2 |  2.1
Fighting       | 3 |  3.4
Stealth        | 1 |  1.3
Invocations    | 1 |  1.6

Action                     |  1- 3 |  4- 6 |  7- 9 || total
---------------------------+-------+-------+-------++-------
  Melee: Unarmed           |    98 |   126 |    89 ||   313
         Punch             |     1 |     3 |     2 ||     6
 Invoke: Divine Shield     |       |     2 |       ||     2
    Use: Scroll            |     1 |     9 |     2 ||    12
         Potion            |       |       |     1 ||     1
   Stab: Sleeping          |     1 |       |       ||     1
 Armour: Robe              |    36 |    73 |    30 ||   139
  Dodge: Dodged            |    48 |    81 |    33 ||   162
  Block: Other             |       |    10 |       ||    10
